General information
- name: BNet
- type: Ladder team game (AT/RT)
- host: Battle.net
- saver: HERNANDO
map: RiverOfSouls
- players: 6
- length: 105:03
- speed: Fast
- version: 1.21 W3XP
- replay type: Public
» download(463 KB)
Players
team 1 (loser)
icehex (
yellow | 55 APM | 5342 actions | 97:14)
6 Firelord
3 Summon Lava Spawn
2 Soul Burn
1 Volcano
» actions
| Assign group hotkey | 127 | |
| Basic commands | 83 | |
| Build / train | 90 | |
| ESC pressed | 6 | |
| Enter build submenu | 61 | |
| Enter hero's abilities submenu | 8 | |
| Right click | 3280 | |
| Select / deselect | 974 | |
| Select group hotkey | 513 | |
| Use ability | 199 | |
5342 total
» units
| Peasant | 22 | |
| Footman | 20 | |
| Dragonhawk Rider | 11 | |
| Gryphon Rider | 4 | |
| Knight | 6 | |
| Dryad | 2 | |
65 total
» upgrades
| Defend | 1 | |
| Cloud | 1 | |
| Storm Hammers | 1 | |
| Swords | 1 | |
| Magic Sentry | 1 | |
| Animal War Training | 1 | |
| Plating | 3 | |
9 total
» buildings
| Farm | 22 | |
| Altar of Kings | 1 | |
| Barracks | 3 | |
| Scout Tower | 14 | |
| Arcane Tower | 2 | |
| Lumber Mill | 1 | |
| Keep | 1 | |
| Guard Tower | 3 | |
| Arcane Vault | 1 | |
| Blacksmith | 1 | |
| Gryphon Aviary | 3 | |
| Castle | 1 | |
| Town Hall | 1 | |
| Arcane Sanctum | 1 | |
55 total
» build order
00:44 Farm
00:47 Altar of Kings
00:51 Barracks
00:53 Barracks
01:20 Farm
01:55 Barracks
01:57 Scout Tower
02:06 Farm
02:36 Arcane Tower
02:37 Farm
03:26 Farm
04:30 Farm
04:53 Farm
05:39 Farm
07:05 Scout Tower
07:06 Scout Tower
07:11 Lumber Mill
09:19 Keep
10:13 Guard Tower
10:16 Farm
10:17 Farm
10:38 Arcane Vault
10:43 Blacksmith
11:53 Gryphon Aviary
11:54 Gryphon Aviary
11:57 Gryphon Aviary
13:03 Farm
13:05 Farm
13:06 Farm
13:49 Castle
17:45 Town Hall
18:00 Farm
18:01 Farm
19:56 Farm
24:02 Scout Tower
24:03 Scout Tower
24:04 Scout Tower
24:05 Scout Tower
24:05 Scout Tower
25:33 Guard Tower
26:01 Arcane Tower
27:28 Guard Tower
29:18 Arcane Sanctum
41:31 Scout Tower
41:32 Scout Tower
41:39 Scout Tower
42:20 Scout Tower
59:03 Farm
60:06 Farm
65:18 Farm
70:15 Farm
71:39 Farm
74:41 Scout Tower
74:46 Scout Tower
93:20 Farm
» items
New (
orange | 47 APM | 3161 actions | 67:16)
4 Firelord
2 Summon Lava Spawn
2 Soul Burn
» actions
| Assign group hotkey | 29 | |
| Basic commands | 209 | |
| Build / train | 67 | |
| Enter build submenu | 37 | |
| Enter hero's abilities submenu | 4 | |
| Right click | 1019 | |
| Select / deselect | 567 | |
| Select group hotkey | 1121 | |
| Use ability | 108 | |
3161 total
» units
| Peon | 12 | |
| Troll Batrider | 24 | |
| Tauren | 6 | |
42 total
» upgrades
| Spiked Barricades | 3 | |
| Armor | 3 | |
| Liquid Fire | 1 | |
| Ranged Weapons | 3 | |
| Reinforced Defenses | 1 | |
| Pulverize | 1 | |
| Melee Weapons | 2 | |
14 total
» buildings
| Orc Burrow | 10 | |
| Altar of Storms | 1 | |
| War Mill | 1 | |
| Watch Tower | 11 | |
| Stronghold | 1 | |
| Voodoo Lounge | 1 | |
| Beastiary | 3 | |
| Fortress | 1 | |
| Tauren Totem | 3 | |
32 total
» build order
00:05 Orc Burrow
00:06 Altar of Storms
04:51 War Mill
06:07 Watch Tower
06:10 Watch Tower
06:14 Watch Tower
07:01 Watch Tower
07:32 Watch Tower
08:03 Watch Tower
08:10 Orc Burrow
08:35 Watch Tower
09:03 Stronghold
09:59 Watch Tower
10:36 Watch Tower
10:40 Watch Tower
11:08 Voodoo Lounge
11:37 Beastiary
11:57 Fortress
12:23 Beastiary
13:28 Orc Burrow
13:57 Beastiary
14:22 Orc Burrow
14:29 Orc Burrow
24:24 Orc Burrow
24:27 Orc Burrow
37:25 Tauren Totem
37:29 Tauren Totem
37:35 Tauren Totem
37:38 Watch Tower
38:15 Orc Burrow
41:22 Orc Burrow
41:58 Orc Burrow
» items
WateRBeaR (
blue | 61 APM | 2972 actions | 48:36)
4 Firelord
2 Summon Lava Spawn
2 Soul Burn
3 Demon Hunter
2 Mana Burn
1 Evasion
» actions
| Assign group hotkey | 34 | |
| Basic commands | 6 | |
| Build / train | 83 | |
| Enter build submenu | 27 | |
| Enter hero's abilities submenu | 7 | |
| Give item / drop item | 1 | |
| Remove unit from queue | 1 | |
| Right click | 1584 | |
| Select / deselect | 819 | |
| Select group hotkey | 273 | |
| Use ability | 136 | |
2972 total
» units
| Wisp | 22 | |
| Archer | 13 | |
| Glaive Thrower | 8 | |
| Druid of the Claw | 9 | |
| Dryad | 8 | |
60 total
» upgrades
| Druid of the Claw Training | 2 | |
| Strength of the Wild | 2 | |
| Reinforced Hides | 1 | |
| Mark of the Claw | 1 | |
6 total
» buildings
| Moon Well | 9 | |
| Ancient of War | 2 | |
| Altar of Elders | 1 | |
| Hunter's Hall | 1 | |
| Tree of Life | 1 | |
| Tree of Ages | 1 | |
| Tree of Eternity | 1 | |
| Ancient of Lore | 2 | |
| Ancient of Wind | 1 | |
| Ancient of Wonders | 1 | |
| Chimaera Roost | 1 | |
21 total
» build order
00:21 Moon Well
00:40 Ancient of War
00:44 Ancient of War
01:19 Altar of Elders
01:34 Moon Well
02:57 Moon Well
06:13 Hunter's Hall
06:48 Moon Well
06:53 Moon Well
07:02 Tree of Life
09:49 Tree of Ages
12:14 Tree of Eternity
12:16 Ancient of Lore
12:46 Ancient of Lore
15:15 Moon Well
16:05 Ancient of Wind
16:07 Moon Well
16:12 Ancient of Wonders
17:32 Chimaera Roost
19:38 Moon Well
19:45 Moon Well
» items
| Orb of Venom | 1 | |
| Scroll of Town Portal | 1 | |
| Staff of Preservation | 1 | |
| Boots of Speed | 1 | |
| Potion of Lesser Invulnerability | 1 | |
5 total
team 2 (winner)
GOKUMAN69 (
pink | 40 APM | 3874 actions | 97:15)
10 Blademaster
3 Wind Walk
3 Critical Strike
1 Bladestorm
3 Mirror Image
1 Archmage
1 Blizzard
1 Goblin Alchemist
1 Healing Spray
» actions
| Assign group hotkey | 2 | |
| Basic commands | 14 | |
| Build / train | 80 | |
| Enter build submenu | 38 | |
| Enter hero's abilities submenu | 12 | |
| Give item / drop item | 1 | |
| Remove unit from queue | 9 | |
| Right click | 2308 | |
| Select / deselect | 1116 | |
| Select group hotkey | 5 | |
| Use ability | 289 | |
3874 total
» units
» buildings
| War Mill | 3 | |
| Altar of Storms | 2 | |
| Orc Burrow | 3 | |
| Watch Tower | 17 | |
| Voodoo Lounge | 3 | |
| Great Hall | 1 | |
| Stronghold | 1 | |
| Beastiary | 2 | |
| Fortress | 1 | |
33 total
» build order
00:03 War Mill
00:21 Altar of Storms
00:36 Orc Burrow
01:44 Watch Tower
01:55 Watch Tower
01:57 Watch Tower
02:23 Watch Tower
02:36 Voodoo Lounge
02:47 Watch Tower
02:59 Watch Tower
03:42 Watch Tower
04:21 Watch Tower
06:01 Great Hall
06:14 Watch Tower
06:15 Watch Tower
06:16 Watch Tower
06:19 Watch Tower
06:50 Watch Tower
06:54 Watch Tower
07:52 Watch Tower
07:54 Watch Tower
11:44 Voodoo Lounge
11:56 Orc Burrow
12:05 Orc Burrow
14:02 Voodoo Lounge
16:02 War Mill
16:16 War Mill
18:49 Stronghold
21:20 Beastiary
22:26 Altar of Storms
23:51 Fortress
24:03 Beastiary
25:46 Watch Tower
» items
| Healing Salve | 2 | |
| Lesser Clarity Potion | 3 | |
| Orb of Fire | 1 | |
| Potion of Healing | 2 | |
| Potion of Mana | 2 | |
| Boots of Speed | 1 | |
| Staff of Teleportation | 1 | |
| Orb of Lightning | 1 | |
| Tiny Great Hall | 1 | |
14 total
HERNANDO (
green | 40 APM | 4229 actions | 105:03)
6 Archmage
3 Blizzard
3 Brilliance Aura
» actions
| Assign group hotkey | 18 | |
| Basic commands | 109 | |
| Build / train | 127 | |
| Enter build submenu | 92 | |
| Enter hero's abilities submenu | 5 | |
| Remove unit from queue | 5 | |
| Right click | 2148 | |
| Select / deselect | 728 | |
| Select group hotkey | 829 | |
| Use ability | 168 | |
4229 total
» units
| Peasant | 15 | |
| Mortar Team | 6 | |
| Flying Machine | 21 | |
| Priest | 1 | |
43 total
» upgrades
| Masonry | 3 | |
| Lumber Harvesting | 2 | |
| Flare | 1 | |
| Gunpowder | 3 | |
| Flak Cannons | 1 | |
| Flying Machine Bombs | 1 | |
| Plating | 2 | |
| Magic Sentry | 1 | |
| Fragmentation Shards | 1 | |
15 total
» buildings
| Altar of Kings | 1 | |
| Lumber Mill | 1 | |
| Farm | 8 | |
| Scout Tower | 93 | |
| Guard Tower | 46 | |
| Keep | 1 | |
| Blacksmith | 1 | |
| Arcane Vault | 1 | |
| Workshop | 2 | |
| Castle | 1 | |
| Arcane Sanctum | 1 | |
| Arcane Tower | 6 | |
162 total
» build order
00:06 Altar of Kings
00:18 Lumber Mill
00:33 Farm
00:50 Farm
01:05 Scout Tower
01:20 Scout Tower
01:22 Scout Tower
01:24 Scout Tower
01:33 Scout Tower
01:35 Scout Tower
02:02 Scout Tower
02:14 Scout Tower
02:45 Guard Tower
02:47 Scout Tower
03:08 Scout Tower
03:09 Scout Tower
03:10 Scout Tower
03:11 Scout Tower
03:17 Guard Tower
03:54 Scout Tower
03:55 Scout Tower
04:15 Keep
04:35 Guard Tower
04:41 Scout Tower
04:42 Scout Tower
04:43 Scout Tower
04:46 Scout Tower
04:47 Scout Tower
04:48 Scout Tower
04:55 Scout Tower
05:29 Guard Tower
05:32 Guard Tower
05:45 Guard Tower
05:46 Guard Tower
05:55 Guard Tower
06:05 Scout Tower
06:10 Guard Tower
06:16 Guard Tower
06:32 Scout Tower
06:33 Scout Tower
06:34 Scout Tower
06:37 Scout Tower
06:38 Guard Tower
06:44 Scout Tower
06:45 Scout Tower
06:46 Scout Tower
06:47 Scout Tower
06:53 Scout Tower
06:55 Scout Tower
07:08 Guard Tower
07:42 Scout Tower
07:42 Scout Tower
07:50 Guard Tower
07:50 Guard Tower
08:06 Guard Tower
08:09 Guard Tower
08:14 Guard Tower
08:24 Guard Tower
08:38 Guard Tower
08:51 Guard Tower
08:55 Scout Tower
08:56 Scout Tower
08:58 Scout Tower
09:02 Blacksmith
09:11 Scout Tower
09:11 Scout Tower
09:14 Scout Tower
09:14 Scout Tower
09:18 Scout Tower
09:19 Scout Tower
09:46 Guard Tower
09:48 Guard Tower
09:59 Scout Tower
10:00 Scout Tower
10:05 Guard Tower
10:09 Scout Tower
10:10 Scout Tower
10:12 Guard Tower
10:24 Scout Tower
10:26 Scout Tower
10:41 Guard Tower
11:29 Guard Tower
11:48 Arcane Vault
11:54 Guard Tower
12:03 Scout Tower
12:05 Scout Tower
12:07 Scout Tower
12:24 Workshop
12:43 Guard Tower
12:55 Guard Tower
12:58 Guard Tower
13:33 Workshop
13:35 Guard Tower
13:50 Scout Tower
13:55 Farm
14:00 Farm
14:23 Scout Tower
14:24 Guard Tower
14:40 Scout Tower
14:41 Scout Tower
15:07 Farm
15:11 Guard Tower
15:33 Castle
16:00 Farm
16:04 Guard Tower
16:32 Scout Tower
16:33 Scout Tower
16:41 Farm
17:33 Guard Tower
18:41 Farm
18:46 Guard Tower
20:35 Scout Tower
20:35 Scout Tower
20:36 Scout Tower
20:37 Scout Tower
20:38 Scout Tower
20:39 Scout Tower
20:40 Scout Tower
20:41 Scout Tower
20:42 Scout Tower
21:06 Scout Tower
21:07 Scout Tower
21:08 Scout Tower
21:09 Scout Tower
21:11 Scout Tower
21:11 Scout Tower
21:19 Arcane Sanctum
22:11 Guard Tower
22:14 Scout Tower
22:14 Scout Tower
22:25 Scout Tower
22:26 Scout Tower
22:27 Scout Tower
23:15 Guard Tower
23:36 Guard Tower
23:40 Scout Tower
23:41 Scout Tower
23:48 Guard Tower
24:33 Guard Tower
25:25 Guard Tower
27:24 Scout Tower
27:25 Scout Tower
27:26 Scout Tower
27:27 Scout Tower
28:07 Guard Tower
28:38 Guard Tower
42:28 Scout Tower
42:29 Scout Tower
42:50 Scout Tower
42:51 Scout Tower
42:53 Scout Tower
42:56 Scout Tower
42:57 Scout Tower
42:57 Scout Tower
43:21 Guard Tower
43:25 Arcane Tower
43:29 Arcane Tower
43:44 Arcane Tower
44:04 Arcane Tower
44:09 Arcane Tower
44:21 Arcane Tower
» items
| Staff of Teleportation | 1 | |
| Tome of Retraining | 1 | |
2 total
Mr.Wookums (
purple | 49 APM | 4766 actions | 97:15)
9 Pandaren Brewmaster
3 Breath of Fire
3 Drunken Brawler
2 Drunken Haze
1 Storm Earth and Fire
» actions
| Assign group hotkey | 1 | |
| Basic commands | 49 | |
| Build / train | 65 | |
| Enter build submenu | 24 | |
| Enter hero's abilities submenu | 9 | |
| Give item / drop item | 12 | |
| Remove unit from queue | 11 | |
| Right click | 3868 | |
| Select / deselect | 464 | |
| Use ability | 262 | |
4766 total
» units
» upgrades
| Druid of the Talon Training | 1 | |
1 total
» buildings
| Moon Well | 22 | |
| Altar of Elders | 1 | |
| Tree of Ages | 2 | |
| Ancient of War | 1 | |
| Hunter's Hall | 1 | |
| Ancient of Wind | 2 | |
| Tree of Life | 2 | |
| Ancient of Wonders | 1 | |
32 total
» build order
00:23 Moon Well
00:34 Altar of Elders
02:04 Moon Well
02:41 Moon Well
04:06 Moon Well
06:04 Tree of Ages
06:27 Moon Well
06:29 Moon Well
06:29 Moon Well
06:43 Ancient of War
06:50 Hunter's Hall
10:14 Ancient of Wind
12:07 Moon Well
12:07 Moon Well
14:54 Tree of Life
29:17 Tree of Life
31:20 Moon Well
31:25 Moon Well
31:27 Moon Well
31:28 Moon Well
37:57 Moon Well
83:37 Ancient of Wonders
92:24 Tree of Ages
95:08 Ancient of Wind
96:37 Moon Well
96:38 Moon Well
96:39 Moon Well
96:40 Moon Well
96:41 Moon Well
96:42 Moon Well
96:43 Moon Well
96:44 Moon Well
» items
| Healing Salve | 4 | |
| Lesser Clarity Potion | 4 | |
| Boots of Speed | 1 | |
| Staff of Teleportation | 1 | |
| Circlet of Nobility | 1 | |
| Periapt of Vitality | 1 | |
| Orb of Fire | 1 | |
| Scroll of Town Portal | 3 | |
| Orb of Lightning | 1 | |
| Tiny Great Hall | 1 | |
18 total
Chat log
(03:14 / All) New: faggot gtfo
(22:11 / All) New: nigger
(22:16 / All) HERNANDO: Leave noob..
(22:17 / All) GOKUMAN69: manner
(22:20 / All) HERNANDO: So stupid retard
(22:22 / All) New: Rofl
(22:25 / All) New: rando nigger
(22:26 / All) New: stfu
(34:08 / All) New: homoed
(34:15 / All) New: nigger gtfo
(34:36 / All) GOKUMAN69: why no manner
(34:44 / All) New: stfu noob
(34:46 / All) GOKUMAN69: cann't beat some towers
(34:47 / All) New: cry to ur mom
(34:48 / All) GOKUMAN69: and a bm
(34:51 / All) New: rofl
(34:55 / All) New: pussies
(35:18 / All) GOKUMAN69: pusssy noobs
(35:23 / All) New: ur pussy noob
(35:23 / All) icehex: lol
(35:27 / All) icehex: who towered
(35:30 / All) New: rofl
(35:33 / All) New: zz
(36:19 / All) icehex: u guys suck lawl
(36:22 / All) New: bad
(36:24 / All) GOKUMAN69: lalw
(36:25 / All) HERNANDO: 1v1?
(36:27 / All) Mr.Wookums: i'm kawaii though DESU
(36:28 / All) New: rofl
(36:39 / All) New: 79-94 bad solo
(36:41 / All) WateRBeaR: wtf is kawaii?
(36:43 / All) HERNANDO: 1v1?
(36:45 / All) WateRBeaR: asian shit?
(36:46 / All) Mr.Wookums: noob
(36:46 / All) GOKUMAN69: bro~san why hate what you are?
(36:47 / All) HERNANDO: dodging?
(36:47 / All) New: lawl noob
(36:48 / All) GOKUMAN69: ...
(36:51 / All) GOKUMAN69: Noobs
(36:55 / All) WateRBeaR: TOWER MORE
(37:02 / All) Mr.Wookums: T1 RUSH MORE
(40:25 / All) GOKUMAN69: yo broz
(40:26 / All) GOKUMAN69: quit
(40:29 / All) icehex: LOL
(40:30 / All) GOKUMAN69: FL rush sucks
(40:33 / All) New: rofl
(40:35 / All) HERNANDO: No chance to survive
(40:37 / All) New: u lose to it so tower more
(40:40 / All) WateRBeaR: ...
(40:47 / All) WateRBeaR: towering is not the answer
(40:50 / All) WateRBeaR: fuck nuts
(40:50 / All) HERNANDO: Wheres end screen? Broken game?
(40:56 / Allies) Mr.Wookums: lets kill blue's fl
(40:57 / All) GOKUMAN69: you towered
(40:59 / All) WateRBeaR: i bet ur a chink
(41:00 / All) HERNANDO: im callming blizz to fix this shit
(41:09 / Allies) Mr.Wookums: roomate is sleeping
(41:12 / Allies) Mr.Wookums: going to try and keep it to a min
(42:57 / All) New: omfg nigger
(43:48 / All) GOKUMAN69: nice hero brodo
(44:05 / All) New: newbie
(44:09 / All) New: run bitch
(44:16 / All) Mr.Wookums: tower more faggot
(44:16 / All) GOKUMAN69: he a pussy
(44:20 / All) New: rofl?
(44:22 / All) icehex: lmao
(44:25 / All) New: 3 towers cry u die to them
(45:23 / All) GOKUMAN69: we got like half a mine and you cann't win p noob
(45:29 / All) New: rofl?
(47:53 / All) HERNANDO: owned u gay blindfolded dick suckin fag
(47:59 / All) New: rofl u niggers
(48:03 / All) HERNANDO: that all u got? lol
(48:12 / All) New: nty
(48:21 / All) New: where ur units oh wait u pussies spent all on towers
(48:26 / All) HERNANDO: welp
(48:35 / All) HERNANDO: maybe i should charge into towers with melee
(48:36 / All) HERNANDO: lol
(48:39 / All) HERNANDO: Leaver? Rage?
(48:42 / All) New: Rofl
(48:47 / All) New: ny
(49:02 / All) HERNANDO: burned
(49:03 / All) HERNANDO: Owned
(49:05 / All) New: rofl
(49:08 / All) New: ur retarded noob
(49:12 / All) HERNANDO: Pretending to laugh?
(49:14 / All) GOKUMAN69: 1v1?
(49:14 / All) HERNANDO: Rage?
(49:17 / All) New: Rofl@us newb ass
(49:21 / All) New: lawl rando
(49:23 / All) HERNANDO: U literally got beaten by stationary buildings dude.
(49:24 / All) New: nty noob
(49:28 / All) New: rofl
(49:30 / All) New: no ur bad
(49:33 / All) New: kid learn how to play
(49:34 / All) New: ur a pussy
(49:42 / All) Mr.Wookums: does your house beat you up?
(49:47 / All) New: rofl
(49:52 / All) New: does ur house fall over when wet?
(49:52 / All) HERNANDO: Dude u get hurt by ur chair? lol
(49:57 / All) GOKUMAN69: A building killed you bro
(50:04 / All) HERNANDO: Pretty sure the structure stops that from happening
(50:05 / All) New: no?
(50:07 / All) Mr.Wookums: no, i build my towers with good quality lumber
(51:21 / All) New: newb
(51:25 / All) New: thats bad strat
(51:29 / All) GOKUMAN69: 1v1?
(51:31 / All) HERNANDO: Bro pretty sure ur base is on fire
(51:33 / All) New: rofl
(51:33 / All) GOKUMAN69: beat you
(51:36 / All) HERNANDO: Might wanna get that checked out
(51:41 / All) New: pretty sure u run like a bitch go hide now
(51:41 / All) New: pussy
(51:51 / All) New: stupid nigger
(52:32 / All) New: pussy panda get skill ur shit
(52:37 / All) icehex: who wanted a 1v1 btw
(52:41 / All) GOKUMAN69: me
(52:44 / All) GOKUMAN69: and all of us
(52:55 / All) icehex: lol
(53:07 / All) New: nigga
(53:08 / All) New: sad
(53:14 / All) New: tp bitch
(53:15 / All) New: pussy
(53:42 / All) New: faggot gtfo u nigger
(53:49 / All) HERNANDO: Rage?
(53:51 / All) GOKUMAN69: lol
(53:51 / All) HERNANDO: U lost?
(53:52 / All) Mr.Wookums: manner please, take the loss like a woman
(53:54 / All) GOKUMAN69: noob
(54:02 / All) New: newbs
(54:04 / All) New: ur sad
(54:05 / All) New: pussy
(54:06 / All) GOKUMAN69: up the butt
(54:14 / All) New: rofl
(54:17 / All) New: u take pussy up the butt
(54:38 / Allies) Mr.Wookums: 50 gold please
(55:12 / All) Mr.Wookums: i've never had a panda this high of a level
(55:14 / All) Mr.Wookums: i must thank you guys
(55:20 / All) New: u must be bad
(55:21 / All) icehex: yah u like totally suck
(55:27 / All) New: like totally
(55:30 / All) New: but we know that
(55:30 / All) Mr.Wookums: i know, that's why i'm soo hapy about my first win
(55:32 / All) GOKUMAN69: owning you
(55:35 / All) icehex: lol
(55:39 / All) icehex: U arent owning shit
(55:39 / All) Mr.Wookums: how many wins do you have?
(55:40 / All) New: rofl@that
(55:42 / All) Mr.Wookums: like 10?!
(55:44 / All) icehex: basically all i see is
(55:46 / All) icehex: we cant own you
(55:48 / All) New: how many u have nonezor
(55:55 / All) HERNANDO: so u guys angry?
(55:56 / All) HERNANDO: lol
(56:00 / All) Mr.Wookums: i just said that mr New
(56:00 / All) New: u so ugly
(56:02 / All) HERNANDO: u lsot against a bunch of noobs
(56:05 / All) Mr.Wookums: you should get some NEW eyes
(56:07 / All) Mr.Wookums: GET IT A PUN
(56:10 / All) New: awe
(56:11 / All) HERNANDO: this is literally our 3rd game
(56:11 / All) New: cry
(56:13 / All) New: QQ
(56:21 / All) New: that does not matter dumbshit?
(56:31 / All) Mr.Wookums: naw, since we know you tried too
(56:40 / All) Mr.Wookums: so lets just say that we can be glad we gave it our all!
(56:43 / All) New: Rofl
(58:20 / All) GOKUMAN69: where did all dat melee go?
(58:32 / Allies) HERNANDO: lol
(58:33 / All) Mr.Wookums: what are you going to do with all those dead units
(58:36 / All) New: awe
(58:39 / All) New: what?
(58:47 / All) Mr.Wookums: i'm going to get you drunk, get you love drunk off my dead units
(58:53 / All) Mr.Wookums: my dead units... My dead units
(58:53 / All) New: rofl
(58:54 / All) Mr.Wookums: check it out
(59:01 / All) New: ur no units
(59:07 / All) Mr.Wookums: my panda can beat your army
(59:09 / All) Mr.Wookums: who needs one
(59:40 / Allies) Mr.Wookums: are they repairing?
(60:01 / Allies) Mr.Wookums: going to nuke their moonwells then
(60:47 / All) icehex: well afk
(60:48 / All) icehex: have fun
(60:53 / All) GOKUMAN69: not manner
(60:56 / All) HERNANDO: Gonna go suk u daddys dick
(61:50 / All) GOKUMAN69: you not afk noobs
(61:53 / All) icehex: well
(61:57 / All) icehex: i was about to
(62:00 / All) icehex: then u come w/ bm
(62:01 / All) HERNANDO: lol sure
(62:05 / All) icehex: u made it interesting again
(62:09 / All) New: lawl
(62:14 / All) Mr.Wookums: you already reflected on your loss?
(62:16 / All) Mr.Wookums: that was fast
(62:21 / All) Mr.Wookums: when i loose i usually cut myself
(62:24 / All) Mr.Wookums: and since i've yet to win
(62:27 / All) New: start cutting
(62:29 / All) icehex: how did i reflect on my loss
(62:38 / All) HERNANDO: thats your business
(63:44 / All) Mr.Wookums: rush roh
(63:46 / All) GOKUMAN69: quit
(63:59 / All) GOKUMAN69: nice rush better luck next time
(64:06 / All) Mr.Wookums: perhapse you shoudl ahve built more towers
(64:10 / All) Mr.Wookums: then we couldn't be doing this now
(64:15 / All) New: perhaps u should build less u fucking pussies
(64:25 / All) Mr.Wookums: rush more
(64:28 / All) New: cry less
(65:36 / All) Mr.Wookums: grats on the guarenteed victory after taking out two bases guys
(65:42 / All) icehex: lol
(65:45 / All) icehex: grats on ur wasted time
(65:50 / All) New: nt
(65:56 / All) Mr.Wookums: thanks for responding and not being afk then
(66:06 / All) Mr.Wookums: it's not a waste of time if i can spend it with cool spicks like you
(66:11 / All) Mr.Wookums: KIDDINg
(66:13 / All) New: spics no
(66:15 / All) Mr.Wookums: i love my mexicans
(66:17 / All) New: idiots
(66:27 / All) New: u r mexican
(66:30 / All) icehex: i been doing all kinds of shit on my other comp :p
(66:42 / All) Mr.Wookums: glad you are responding though
(66:43 / All) New: i been jacking off
(66:44 / All) Mr.Wookums: makes it worth it
(66:47 / All) HERNANDO: u cant get enough of that gay porn eh lol owned
(66:47 / All) icehex: yah sure
(66:49 / All) icehex: anythin
(67:02 / All) icehex: LOL u cant get older than 9 yrs w/ ur jokes OWNED
(67:11 / All) Mr.Wookums: how many times did you say nigger?
(67:11 / All) icehex: OMFG ILL SAY OWNED AT THE END OF EACH SENTENCE
(67:14 / All) icehex: IT SOUNDS PRTY LIKE OWANGE OWNED
(67:20 / All) GOKUMAN69: 1v1?
(67:22 / All) HERNANDO: left?
(67:24 / All) icehex: LOL OWNED
(67:29 / All) HERNANDO: 1v1?
(67:30 / All) icehex: nah i told him 2 go
(67:32 / All) HERNANDO: rage leaver teammates?
(67:35 / All) GOKUMAN69: CLAN TWT OWNED YOU BUUT HOLES
(67:35 / All) icehex: he gonna do other things
(67:40 / All) HERNANDO: Lose more games?
(67:42 / All) HERNANDO: lol?
(67:45 / All) icehex: he stayed cause he was entertained
(67:50 / All) icehex: i stay to waste your itme
(67:50 / All) HERNANDO: im sure lol
(67:55 / All) icehex: water left cause he had better things 2 do
(67:56 / All) Mr.Wookums: i never found loosing fun
(68:02 / All) icehex: lol
(68:08 / All) icehex: theres lessons 2 be learned for u
(68:15 / All) GOKUMAN69: IM 10
(68:35 / All) icehex: im sure
(68:42 / All) GOKUMAN69: you got vent?
(68:54 / All) icehex: yah
(68:57 / All) icehex: its private though
(69:01 / All) GOKUMAN69: wanna talk
(69:02 / All) icehex: :D
(69:04 / All) GOKUMAN69: we got a vent
(69:07 / All) Mr.Wookums: we have one
(69:07 / All) GOKUMAN69: you can come
(69:08 / All) icehex: ive talked 2 ppl w/ girl voices b4
(69:10 / All) Mr.Wookums: we like fags
(69:18 / All) icehex: Lol
(69:25 / All) icehex: why do u want
(69:29 / All) icehex: 2 talk on vent
(69:32 / All) GOKUMAN69: vent24.light-speed.com
(69:34 / All) Mr.Wookums: because i want to hear a winner
(69:35 / All) GOKUMAN69: 5109
(69:39 / All) GOKUMAN69: DOTA
(69:39 / All) icehex: u want 2 abuse me
(69:44 / All) icehex: sexually
(69:45 / Allies) GOKUMAN69: is the passward
(69:47 / All) Mr.Wookums: naw, you did enough of that yourself this game
(69:52 / All) icehex: tell me how much u want 2 stuff your mexican meat in my white butt
(69:53 / All) Mr.Wookums: PW is DOTA
(69:55 / All) icehex: like a sick faggot
(69:56 / All) icehex: lawl
(69:58 / All) icehex: LOL DOTA
(69:58 / All) GOKUMAN69: vent24.light-speed.com
(70:00 / All) GOKUMAN69: 5109
(70:00 / All) icehex: now odner u tower :D
(70:02 / All) GOKUMAN69: vent24.light-speed.com
(70:13 / All) GOKUMAN69: DOTA
(70:16 / All) GOKUMAN69: vent24.light-speed.com
(70:20 / All) GOKUMAN69: 5109
(70:23 / All) GOKUMAN69: DOTA
(70:35 / All) icehex: lmao
(70:49 / All) Mr.Wookums: maybe i can die on the spikes
(70:51 / All) Mr.Wookums: what do you think
(71:01 / All) icehex: anyways afk now
(71:03 / All) icehex: clan wts
(71:05 / All) icehex: for quality gaming
(71:09 / All) GOKUMAN69: talk to us
(71:12 / All) Mr.Wookums: lol
(71:12 / All) GOKUMAN69: on vent guys
(71:20 / All) Mr.Wookums: our quality must be a bit better ehh?
(77:34 / Allies) Mr.Wookums: back
(77:37 / Allies) HERNANDO: wb
(77:42 / Allies) HERNANDO: chcek this out
(77:45 / Allies) HERNANDO: hes petting the worker
(83:10 / Allies) Mr.Wookums: i can't read wc3 sscs
(83:19 / Allies) HERNANDO: u gotta open in photoshop
(84:06 / Allies) Mr.Wookums: no
(84:16 / Allies) Mr.Wookums: we gotta do it again
(84:31 / Allies) Mr.Wookums: i'm leaving after this
(85:59 / All) Mr.Wookums: yompity yomp yomp
(86:27 / All) Mr.Wookums: i don't see any where else we can yomp to
(86:52 / All) Mr.Wookums: if we clear triest you can get on the lower ledge
(86:56 / All) Mr.Wookums: trees
(87:15 / All) Mr.Wookums: few seconds till i can yomp again
(93:15 / All) Mr.Wookums: it's still alive
(94:20 / All) Mr.Wookums: panda can't win due to gimped skiills
(96:28 / Allies) Mr.Wookums: gold me hernando
(96:56 / Allies) Mr.Wookums: why not>
(97:02 / All) HERNANDO: welcome back
(97:06 / All) GOKUMAN69: Watch replay
(97:14 / All) Mr.Wookums: some good yampage